 Dungeon Crawl Stone Soup version bcrawl-1.31.2 (webtiles) character file.

Game seed: 15201637185947829874

198615 Artagas the Fortune-Teller (level 8, -6/68 HPs)
             Began as a Hill Orc Rogue on Apr 1, 2021.
             Was a Believer of Nemelex Xobeh.
             Mangled by a two-headed ogre
             ... wielding a +0 giant club
              (18 damage)
             ... on level 5 of the Dungeon.
             The game lasted 00:14:08 (4949 turns).

Artagas the Fortune-Teller (Hill Orc Rogue)         Turns: 4949, Time: 00:14:09

Health: -6/68      AC: 10    Str: 16    XL:     8   Next: 3%
Magic:  12/12      EV:  6    Int: 11    God:    Nemelex Xobeh [**....]
Gold:   225        SH:  0    Dex: 12    Spells: 7/7 levels left

rFire    . . .     SeeInvis .   a - +6 dagger (venom)
rCold    . . .     Gourm    .   (no shield)
rNeg     . . .     Faith    .   u - +0 chain mail
rPois    .         Spirit   .   (no helmet)
rElec    .         Reflect  .   d - +0 cloak
rCorr    .         Harm     .   (no gloves)
MR       .....                  (no boots)
Stlth    ..........             n - amulet of regeneration
HPRegen  0.57/turn              j - +6 ring of slaying
MPRegen  0.13/turn              (no ring)

@: no status effects
A: no striking features
a: Draw Escape, Draw Destruction, Draw Summoning, Triple Draw, Renounce Religion


You were on level 5 of the Dungeon.
You worshipped Nemelex Xobeh.
Nemelex Xobeh was pleased with you.
You were not hungry.

You visited 1 branch of the dungeon, and saw 5 of its levels.

You collected 368 gold pieces.
You spent 143 gold pieces at shops.

Inventory:

Hand Weapons
 a - a +6 dagger of venom (weapon)
   (You took it off a goblin on level 3 of the Dungeon)
 b - a +0 blowgun
 m - a +0 spear
   (You found it on level 1 of the Dungeon)
 s - a +3 short sword
   (You found it on level 1 of the Dungeon)
 z - a +1 dagger of electrocution
   (You found it on level 2 of the Dungeon)
Missiles
 c - 80 poisoned needles
 i - 1057 stones (quivered)
 y - 360 arrows
 G - a throwing net {=f}
Armour
 d - a +0 cloak (worn)
 u - a +0 chain mail (worn)
   (You took it off an orc on level 2 of the Dungeon)
Jewellery
 j - a +6 ring of slaying (left hand)
   (You found it on level 1 of the Dungeon)
 k - an uncursed amulet of rage
   (You found it on level 1 of the Dungeon)
 n - an amulet of regeneration (around neck)
   (You found it on level 1 of the Dungeon)
Wands
 f - a wand of flame (15)
 g - a wand of enslavement (15)
Scrolls
 l - a scroll of immolation
 o - a scroll of fog
 p - a scroll of enchant weapon
 r - a scroll of noise {unknown}
 t - 5 scrolls of teleportation
 w - 4 scrolls of remove curse
 C - a scroll of magic mapping
 E - 2 scrolls of amnesia
 F - a scroll of enchant armour
Potions
 h - a potion of haste
 q - a potion of curing
 v - 2 potions of mutation
 A - 4 potions of brilliance
 B - 2 potions of might
 D - a potion of magic
 H - a potion of cancellation
Comestibles
 e - 6 rations {!d}
 x - 2 chunks of flesh


   Skills:
 + Level 5.3 Fighting
   Level 5.3 Short Blades
   Level 5.3 Long Blades
   Level 5.3 Axes
   Level 5.3 Maces & Flails
   Level 5.3 Polearms
   Level 5.3 Staves
 + Level 3.7 Armour
 - Level 3.6 Stealth
   Level 5.3 Unarmed Combat
 + Level 6.6 Invocations
 + Level 2.8 Evocations


You had 7 spell levels left.
You didn't know any spells.
Your spell library contained the following spells:

 Spells                   Type           Power        Failure   Level  Hunger
 Beastly Appendage        Tmut           #.....       99%         1    None
 Passwall                 Tmut/Erth      #.......     100%        2    ####...
 Sticks to Snakes         Tmut           #.......     100%        2    ####...
 Spider Form              Tmut/Pois      #..          100%        3    #####..
 Ice Form                 Ice/Tmut       #.......     100%        4    ######.
 Blade Hands              Tmut           #.........   100%        5    #######


Dungeon Overview and Level Annotations

Branches:
Dungeon (5/12)
 Temple: D:4-7

Altars:
Lugonu
Nemelex Xobeh
Okawaru
Zin
The Shining One

Shops:
D:4 *


Message History

a +2 dagger of venom; a +0 robe; an orc corpse You feel sick.
You butcher the orc corpse.
x - 3 chunks of flesh (gained 2)
Things that are here:
a +2 dagger of venom; a +0 robe; an orc skeleton You feel sick.
Things that are here:
a +2 dagger of venom; a +0 robe; an orc skeleton
Things that are here:
a +0 club; a +0 leather armour You feel sick.
Things that are here:
a +2 dagger of venom; a +0 robe; an orc skeleton You see here a +0 hand axe.
You feel sick.
Things that are here:
a +2 dagger of venom; a +0 robe; an orc skeleton
There is an open door here.
You feel sick.
You feel sick.
You feel sick.
You are no longer poisoned.
HP restored.
You see here a large shield.
You open the door.
There is an open door here.
You see here a whip.
You open the door.
There is an open door here.
A crimson imp comes into view.
A crimson imp is nearby!
The crimson imp shouts!
A crimson imp is nearby!
A worker ant comes into view.
The crimson imp closely misses you.
You puncture the crimson imp!
The crimson imp is poisoned.
The crimson imp is heavily wounded.
You barely miss the crimson imp.
The crimson imp is severely wounded.
The crimson imp hits you but does no damage.
You hit the crimson imp.
The crimson imp looks more poisoned.
The crimson imp is severely wounded.
The crimson imp hits you but does no damage.
You puncture the crimson imp!
You kill the crimson imp!
The worker ant barely misses you.
You hit the worker ant but do no damage.
The worker ant bites you but does no damage.
You hit the worker ant.
The worker ant is poisoned.
The worker ant is lightly wounded.
You hit the worker ant.
The worker ant looks more poisoned.
The worker ant is severely wounded.
The worker ant bites you but does no damage.
You puncture the worker ant!
You kill the worker ant!
You have reached level 8!
A - 4 potions of brilliance (gained 1)
You now have 197 gold pieces (gained 22).
You see here 318 sling bullets.
You now have 225 gold pieces (gained 28).
You see here a ring mail.
A worker ant zombie comes into view.
There is an open door here.
A worker ant zombie is nearby!
The worker ant zombie bites you but does no damage.
You hit the worker ant zombie.
The worker ant zombie is lightly damaged.
The worker ant zombie bites you but does no damage.
You puncture the worker ant zombie!
The worker ant zombie is moderately damaged.
The worker ant zombie bites you but does no damage.
You puncture the worker ant zombie!
The worker ant zombie is severely damaged.
You puncture the worker ant zombie!
You destroy the worker ant zombie!
There is an open door here.
Some of the chunks of flesh in your inventory have rotted away.
A gnoll and a two-headed ogre come into view.
You have encountered a dangerous foe!
The two-headed ogre shouts in stereo!
The gnoll shouts!
You hear a shout!
A gnoll comes into view. It is wielding a +0 whip.
A gnoll shaman comes into view. It is wielding a +0 whip.
A gnoll comes into view. It is wielding a +0 whip.
There is an open door here.
The gnoll shaman calls upon its god to speed up something.
The two-headed ogre hits you with a +0 giant club!!
The two-headed ogre hits you with a +0 giant spiked club!
You puncture the two-headed ogre!
The two-headed ogre is poisoned.
The two-headed ogre is lightly wounded.
The gnoll shaman calls upon its god to speed up the gnoll.
The gnoll seems to speed up.
You puncture the two-headed ogre!
The two-headed ogre looks more poisoned.
The two-headed ogre is heavily wounded.
The two-headed ogre hits you with a +0 giant club!!
* * * LOW HITPOINT WARNING * * *
The two-headed ogre hits you with a +0 giant spiked club!!
You die...
Your body glows slightly and disappears.

....##.....######.###.###..##....
....##.....##..##.###.###..##....
....##.....##...#...#.......#....
................#...#.......#....
...........g....#...#.......#))..
....##..........#...#.......')...
....##...g.....g#...#.......#)...
....#####.##.##O#####..##'###....
....##....#...#.@#####+##..##....
....#.......................'....
##+###......_...............#....
#.. #...........##....######....
.... #....#...#..########..##....
....##..#.##.##..##.....+........
..................+.....#....>...
..............#..##....##..##....
..............#..##....###'##....


You could see a two-headed ogre and 2 gnolls.

Vanquished Creatures
  A phantom (D:5)
  Blork the orc (D:4)
  3 scorpions
  3 crimson imps
  A hound (D:4)
  2 orc wizards
  2 orc priests (D:5)
  5 worker ants
  A worker ant zombie (D:5)
  6 adders
  An ooze (D:3)
  4 adder skeletons
  9 worms
  3 dart slugs
  6 leopard geckos
  8 orcs
  2 ball pythons (D:3)
  8 giant cockroaches
  9 hobgoblins
  2 jackals (D:3)
  5 kobolds
  3 quokkas
  2 bats (D:3)
  2 frilled lizards
  5 goblins
  A quokka skeleton (D:5)
  4 rats
99 creatures vanquished.

Notes
Turn   | Place    | Note
-------+----------+-------------------------------------------
     0 | D:1      | Artagas the Hill Orc Rogue began the quest for the Orb.
     0 | D:1      | Reached XP level 1. HP: 18/18 MP: 2/2
   388 | D:1      | Reached XP level 2. HP: 25/25 MP: 3/3
   412 | D:1      | Reached skill level 3 in Fighting
  1412 | D:2      | Reached XP level 3. HP: 31/31 MP: 4/4
  1659 | D:2      | Found a sparkling altar of Nemelex Xobeh.
  1719 | D:2      | Found a glowing golden altar of the Shining One.
  2264 | D:2      | Became a worshipper of Nemelex Xobeh the Trickster
  2402 | D:3      | Reached XP level 4. HP: 39/40 MP: 5/5
  2403 | D:3      | Reached skill level 4 in Fighting
  2511 | D:3      | Received a gift from Nemelex Xobeh
  2555 | D:3      | Reached skill level 1 in Armour
  2735 | D:3      | Found an iron altar of Okawaru.
  2834 | D:3      | Reached XP level 5. HP: 29/47 MP: 6/6
  3016 | D:3      | Reached skill level 2 in Armour
  3381 | D:3      | Received a gift from Nemelex Xobeh
  3390 | D:3      | Reached * piety under Nemelex Xobeh
  3459 | D:3      | Found a glowing silver altar of Zin.
  3610 | D:4      | Noticed Blork the orc
  3720 | D:4      | Killed Blork the orc
  3721 | D:4      | Reached skill level 3 in Armour
  3721 | D:4      | Reached XP level 6. HP: 54/55 MP: 7/7
  3723 | D:4      | Reached skill level 5 in Fighting
  3723 | D:4      | Reached skill level 1 in Invocations
  3811 | D:4      | Reached skill level 2 in Invocations
  3937 | D:4      | Reached skill level 3 in Invocations
  3989 | D:4      | Reached skill level 4 in Invocations
  4075 | D:4      | Received a gift from Nemelex Xobeh
  4220 | D:4      | Reached ** piety under Nemelex Xobeh
  4278 | D:4      | Found a corrupted altar of Lugonu.
  4296 | D:4      | Found Gutsycki's General Store.
  4298 | D:4      | Reached XP level 7. HP: 61/61 MP: 10/10
  4303 | D:4      | Bought a scroll of identify for 22 gold pieces
  4303 | D:4      | Bought a scroll of identify for 22 gold pieces
  4303 | D:4      | Bought a potion of cancellation for 55 gold pieces
  4303 | D:4      | Bought a potion of might for 44 gold pieces
  4328 | D:4      | Reached skill level 5 in Invocations
  4547 | D:5      | Entered Level 5 of the Dungeon
  4574 | D:5      | Reached skill level 6 in Invocations
  4655 | D:5      | Found an iron altar of Okawaru.
  4875 | D:5      | Reached XP level 8. HP: 68/68 MP: 12/12
  4918 | D:5      | Noticed a two-headed ogre
  4949 | D:5      | Mangled by a two-headed ogre

Skill      XL: |  1  2  3  4  5  6  7 |
---------------+----------------------+-----
Fighting       | 3 4 5 |  5.3
Armour         | 1 3 |  3.7
Invocations    | 4 6 |  6.6
Short Blades   | |  5.3
Long Blades    | |  5.3
Axes           | |  5.3
Maces & Flails | |  5.3
Polearms       | |  5.3
Staves         | |  5.3
Stealth        | |  3.6
Unarmed Combat | |  5.3
Evocations     | |  2.8

Action                   |  1- 3 |  4- 6 |  7- 9 || total
-------------------------+-------+-------+-------++-------
Melee: Dagger            |    13 |    72 |    55 ||   140
       Short sword       |    65 |    38 |       ||   103
Throw: Stone             |     2 |       |       ||     2
  Use: Scroll            |     2 |     8 |     3 ||    13
 Stab: Sleeping          |     7 |       |       ||     7
  Eat: Chunk             |     6 |     8 |     3 ||    17
Armor: Robe              |     1 |       |       ||     1
       Ring mail         |     8 |       |       ||     8
       Scale mail        |     1 |    22 |       ||    23
       Chain mail        |       |     9 |    26 ||    35
Dodge: Dodged            |    17 |    25 |    12 ||    54

Levels and vault maps discovered:
D:1:      dpeg_arrival_castle, layout_basic
D:2:      layout_rooms, marbit_many_paths, kennysheep_cross_bottleneck,
          nemelex_spade_bored_becter
D:3:      minmay_thinvault, layout_loops_ring, overflow_temple_1_default,
          zin_treasury, first_ration, minivault_4
D:4:      layout_basic, nicolae_overflow_hidden_temple, serial_shops,
          kennysheep_little_box, uniq_blork_the_orc
D:5:      layout_gridville, minmay_temple_entry_poolview, okawaru_gym_becter

Table legend:
 A = Turns spent in this place as a percentage of turns spent in the entire game.
 B = Non-inter-level travel turns spent in this place as a percentage of non-inter-level travel turns spent in the entire game.
 C = Inter-level travel turns spent in this place as a percentage of turns spent in this place.
 D = Turns resting spent in this place as a percentage of non-inter-level travel turns spent in this place.
 E = Turns spent auto-exploring this place as a percentage of non-inter-level travel turns spent in this place.
 F = Non-inter-level travel turns spent in this place divided by the number of levels of this place that you've seen.
                   A       B       C       D       E      F
               +-------+-------+-------+-------+-------+----------------------
         Total | 100.0 | 100.0 |   9.7 |   6.9 |  70.1 | 894.2
       Dungeon | 100.0 | 100.0 |   9.7 |   6.9 |  70.1 | 894.2
               +-------+-------+-------+-------+-------+----------------------

Table legend:
 A = Kills in this place as a percentage of kills in entire the game.
 B = Kills by you in this place as a percentage of kills by you in the entire game.
 C = Kills by friends in this place as a percentage of kills by friends in the entire game.
 D = Other kills in this place as a percentage of other kills in the entire game.
 E = Experience gained in this place as a percentage of experience gained in the entire game.
 F = Experience gained in this place divided by the number of levels of this place that you have seen.
                   A       B       C       D       E      F
               +-------+-------+-------+-------+-------+----------------------
         Total | 100.0 | 100.0 |   N/A |   N/A | 100.0 | 248.0
       Dungeon | 100.0 | 100.0 |   N/A |   N/A | 100.0 | 248.0
               +-------+-------+-------+-------+-------+----------------------
